 Dungeon Crawl Stone Soup version 0.30-a0-459-g9104f0fc43 (webtiles) character file.

Game seed: 10286800192621973985

471 funkygono the Firebug (level 6, 0/41 HPs)
             Began as a Demonspawn Fire Elementalist on Dec 15, 2022.
             Slain by Pikel
             ... wielding a +2 whip of electrocution
              (6 damage)
             ... on level 4 of the Dungeon.
             The game lasted 00:05:28 (2621 turns).

funkygono the Firebug (DsFE)                        Turns: 2621, Time: 00:05:29

Health: 0/41       AC:  7    Str:  8    XL:     6   Next: 83%
Magic:  0/21       EV: 12    Int: 19    God:
Gold:   175        SH:  0    Dex: 13    Spells: 8/14 levels left

rFire   + . .      SeeInvis .    u - +2 whip (drain)
rCold   . . .      Faith    .    (no shield)
rNeg    . . .      Spirit   +    a - +0 robe
rPois   .          Reflect  .    (no helmet)
rElec   .          Harm     .    e - +1 cloak
rCorr   .          Rampage  .    (no gloves)
Will    .....                    l - +2 pair of boots
Stlth   ++........               (no amulet)
HPRegen 0.26/turn                t - ring of magical power
MPRegen 0.34/turn                m - ring of protection from fire

@: no status effects
A: claws 1, hooves 1, magic shield, magic regeneration
a: no special abilities


You were on level 4 of the Dungeon.
You visited 1 branch of the dungeon, and saw 4 of its levels.

You collected 175 gold pieces.

Inventory:

Hand Weapons
 c - a +0 short sword
 i - a +0 whip of electrocution
 s - a +0 falchion
 u - a +2 whip of draining (weapon)
Armour
 a - a +0 robe (worn)
 e - a +1 cloak (worn)
 j - a scarf of repulsion
 l - a +2 pair of boots (worn)
Jewellery
 m - a ring of protection from fire (right claw)
 t - a ring of magical power (left claw)
Scrolls
 n - a scroll of enchant weapon {unknown}
Potions
 d - a potion of invisibility {unknown}
 f - 3 potions of might
 g - 3 potions of lignification
 h - a potion of resistance {unknown}
 k - 2 potions of curing
 o - a potion of brilliance
 p - a potion of heal wounds
 q - a potion of attraction {unknown}


   Skills:
 + Level 0.3 Fighting
 + Level 2.3 Dodging
 - Level 1.7 Stealth
 + Level 4.5 Spellcasting
 + Level 3.0 Conjurations
 + Level 4.7 Fire Magic


You had 8 spell levels left.
You knew the following spells:

 Your Spells              Type           Power      Damage    Failure   Level
a - Foxfire               Conj/Fire      76%        2x1d7     2%          1
b - Scorch                Fire           44%        2d7       2%          2
c - Kindle Blastsparks    Fire/Tloc/Air  20%        2d11      21%         3

Your spell library contained the following spells:

 Spells                   Type           Power      Damage    Failure   Level
 Inner Flame              Hex/Fire       13%        N/A       16%         3
 Sublimation of Blood     Necr           4%         N/A       21%         2
 Flame Wave               Conj/Fire      19%        2d7       26%         4
 Petrify                  Tmut/Erth      4%         N/A       78%         4
 Irradiate                Conj/Tmut      5%         3d13      89%         5


Dungeon Overview and Level Annotations

Branches:
Dungeon (4/15)
 Temple: D:4-7

Altars:

Annotations:
D:4 Pikel


Innate Abilities, Weirdness & Mutations

You have sharp fingernails.
You have large cloven feet.
When hurt, damage is shared between your health and your magic reserves.
You regenerate magic rapidly.


Message History

The lemure hits you but does no damage. The lemure misses you.
Casting: Foxfire (safe; 2% risk of failure)
Confirm with . or Enter, or press ? or * to list all spells.
You conjure some foxfire!
Pikel is no longer more vulnerable to fire.
Pikel barely misses you. The lemure barely misses you.
The lemure hits you but does no damage.
Casting: Foxfire (safe; 2% risk of failure)
Confirm with . or Enter, or press ? or * to list all spells.
Flames lash the lemure.
The lemure is moderately wounded.
The lemure's fire resistance burns away.
The foxfire hits the lemure.
The lemure is lightly wounded.
The foxfire hits the lemure but does no damage.
The lemure is lightly wounded.
The lemure hits you.
Pikel hits you with a +2 whip of electrocution.
You are electrocuted!
The lemure closely misses you.
Casting: Scorch (safe; 2% risk of failure)
Confirm with . or Enter, or press ? or * to list all spells.
You conjure some foxfire!
Pikel hits you with a +2 whip of electrocution.
* * * LOW HITPOINT WARNING * * *
The lemure hits you.
* * * LOW HITPOINT WARNING * * *
The lemure barely misses you.
Casting: Foxfire (safe; 2% risk of failure)
Confirm with . or Enter, or press ? or * to list all spells.
Flames lash Pikel.
Pikel is heavily wounded.
Pikel's fire resistance burns away.
The foxfire hits the lemure.
The lemure is moderately wounded.
The foxfire hits Pikel!
Pikel is burned terribly!
Pikel is severely wounded.
The lemure hits you.
* * * LOW HITPOINT WARNING * * *
Pikel says, "You'll feel the lick of my whip!"
Pikel hits you with a +2 whip of electrocution!
You die...

≈≈≈≈..≈≈≈ ...........≈#
#8....8##8.≈# ##....##
#.≈# #. ##....####.≈#
#.# .8##8....8##8.≈# #.#
..............≈### #.#
......[:.5.§...'.## #.#
.......).K@....'..# #.#
..........5...≈##.###.#
.8##8....8##8.≈#......#
.
##....####.≈######.#####
#....# #.≈##.........#
#8....8 8.≈##.###.###.#
........ ...≈#..# #.#
#.# ≈≈≈≈..≈≈ ≈≈≈≈#..#
#.###.# #####..# #...#.#


You could see Pikel (combustible) and 2 lemures.

Vanquished Creatures
  Grinder (D:4)
  A black bear (D:3)
  A lemure (D:3)
  An iguana (D:4)
  3 adders
  4 gnolls (D:4)
  A dart slug (D:4)
  A worm (D:2)
  6 orcs
  5 bats
  4 endoplasms
  2 giant cockroaches
  6 goblins
  7 hobgoblins
  4 quokkas (D:3)
  6 ball pythons
  10 frilled lizards
  6 kobolds
  6 rats
75 creatures vanquished.

Vanquished Creatures (others)
  242 foxfires
242 creatures vanquished.

Grand Total: 317 creatures vanquished

Notes
Turn   | Place    | Note
-------+----------+-------------------------------------------
     0 | D:1      | funkygono the Demonspawn Fire Elementalist began the quest
                  | for the Orb.
     0 | D:1      | Reached XP level 1. HP: 13/13 MP: 3/3
   248 | D:1      | Discovered your monstrous ancestry.
   248 | D:1      | Gained mutation: You have sharp fingernails. [demonic
                  | ancestry]
   248 | D:1      | Reached XP level 2. HP: 19/19 MP: 3/5
   251 | D:1      | Learned a level 2 spell: Scorch
   837 | D:2      | Gained mutation: You regenerate magic rapidly. [demonic
                  | ancestry]
   837 | D:2      | Reached XP level 3. HP: 16/24 MP: 0/6
  1395 | D:3      | Found a faded altar of an unknown god.
  1432 | D:3      | Gained mutation: You have large cloven feet. [demonic
                  | ancestry]
  1432 | D:3      | Reached XP level 4. HP: 30/30 MP: 5/8
  1451 | D:3      | Learned a level 3 spell: Kindle Blastsparks
  2148 | D:4      | Noticed a lemure
  2148 | D:4      | Noticed a lemure
  2148 | D:4      | Noticed a lemure
  2148 | D:4      | Noticed a black bear
  2151 | D:4      | Noticed Pikel
  2166 | D:3      | Killed a black bear
  2167 | D:3      | Reached XP level 5. HP: 24/35 MP: 10/10
  2219 | D:3      | HP: 1/35 [lemure[Pikel] (7)]
  2223 | D:3      | Killed a lemure
  2383 | D:4      | Noticed Grinder
  2396 | D:4      | Killed Grinder
  2397 | D:4      | Gained mutation: When hurt, damage is shared between your
                  | health and your magic reserves. [demonic ancestry]
  2397 | D:4      | Reached XP level 6. HP: 35/41 MP: 8/12
  2621 | D:4      | Slain by Pikel

Illustrated notes

Levels and vault maps discovered:
D:1:      ncdulo_lavacross, layout_basic
D:2:      layout_loops_ring, minmay_lizard_pond
D:3:      layout_basic, basic_ecumenical_altar
D:4:      layout_loops_ring, portal_sewer_entry_a, amcnicky_mini_pool_small,
          kennysheep_dice, uniq_robin, uniq_grinder, uniq_pikel

Skill      XL: |  1  2  3  4  5  6 |
---------------+-------------------+-----
Fire Magic     | 3 4 |  4.7
Dodging        | 2 |  2.3
Spellcasting   | 3 4 |  4.5
Conjurations   | 2 3 |  3.0
Fighting       | |  0.3
Stealth        | |  1.7

Action                   |  1- 3 |  4- 6 || total
-------------------------+-------+-------++-------
Melee: Whip              |     8 |       ||     8
       Short sword       |     3 |       ||     3
 Cast: Foxfire           |    64 |    76 ||   140
       Scorch            |       |    26 ||    26
  Use: Scroll            |       |     9 ||     9
       Potion            |       |     2 ||     2
Armor: Robe              |     3 |    18 ||    21
Dodge: Dodged            |    21 |    35 ||    56

Table legend: (Time is in decaauts)
 A = Elapsed time spent in this place.
 B = Non-inter-level travel time spent in this place.
 C = Inter-level travel time spent in this place.
 D = Time resting spent in this place.
 E = Time spent auto-exploring this place.
 F = Levels seen in this place.
 G = Mean time per level.
                   A        B        C        D        E       F      G
               +--------+--------+--------+--------+--------+-----+--------+
         Total |   2619 |   2587 |     32 |     31 |   2009 |   4 |  654.8 |
       Dungeon |   2619 |   2587 |     32 |     31 |   2009 |   4 |  654.8 |
               +--------+--------+--------+--------+--------+-----+--------+

Top non-repeatable levels by time:
     D:3: 887 daAuts
     D:2: 711 daAuts
     D:1: 683 daAuts
     D:4: 337 daAuts
